 Dungeon Crawl Stone Soup version 0.22-a0-181-gb22368a (webtiles) character file.

10 KristoblXynda the Sneak (level 2, -1/13 HPs)
             Began as a Spriggan Enchanter on Feb 14, 2018.
             Killed from afar by a dart slug (4 damage)
             ... with a slug dart
             ... on level 1 of the Dungeon.
             The game lasted 00:00:57 (378 turns).

KristoblXynda the Sneak (Spriggan Enchanter)         Turns: 378, Time: 00:00:57

Health: -1/13      AC:  2    Str:  4    XL:     2   Next: 10%
Magic:  7/7        EV: 18    Int: 16    God:
Gold:   11         SH:  0    Dex: 16    Spells: 6/7 levels left

rFire    . . .     SeeInvis +   g - -2 dagger (curse)
rCold    . . .     Gourm    .   (shield restricted)
rNeg     . . .     Faith    .   b - +0 robe
rPois    .         Spirit   .   (helmet restricted)
rElec    .         Reflect  .   (no cloak)
rCorr    .         Harm     .   (gloves unavailable)
MR       .....                  (boots unavailable)
Stlth    +++.......             (no amulet)
HPRegen  0.04/turn              (no ring)
MPRegen  0.10/turn              (no ring)

@: very quick
A: very small, unfitting armour, see invisible, herbivore, speed 3, slow
metabolism 2
a: no special abilities


You were on level 1 of the Dungeon.
You were not hungry.

You visited 1 branch of the dungeon, and saw 1 of its levels.

You collected 11 gold pieces.

Inventory:

Hand Weapons
 a - a +1 dagger
 g - a cursed -2 dagger (weapon)
Armour
 b - a +0 robe (worn)
Potions
 h - a potion of degeneration {unknown}
Books
 c - a book of Maledictions

   Spells                             Type                      Level
   a - Corona                         Hexes                        1
   b - Ensorcelled Hibernation        Hexes/Ice                    2
   c - Confuse                        Hexes                        3
   d - Tukima's Dance                 Hexes                        3
   e - Dazzling Spray                 Conjuration/Hexes            3
Comestibles
 d - a ration


   Skills:
 - Level 1.1 Short Blades
 - Level 3.0 Dodging
 + Level 4.8 Stealth
 + Level 3.0 Spellcasting
 + Level 3.9 Hexes


You had 6 spell levels left.
You knew the following spells:

 Your Spells              Type           Power        Failure   Level  Hunger
a - Corona                Hex            ###....      3%          1    #......


Dungeon Overview and Level Annotations

Branches:
Dungeon (1/15)

Altars:


Innate Abilities, Weirdness & Mutations

You are very small and have problems with some larger weapons.
You are too small for most types of armour.
You have supernaturally acute eyesight. (SInv)
You are a herbivore.
You cover ground extremely quickly.
You need consume almost no food.


Message History

The rat is severely wounded.
The rat bites you.
* * * LOW HITPOINT WARNING * * *
You hit the rat but do no damage.
The rat is severely wounded.
The rat misses you.
You hit the rat.
You kill the rat!
The bat hits you but does no damage.
You hit the dart slug.
The dart slug is heavily wounded.
The dart slug launches a dart at you. The slug dart misses you.
You hit the dart slug but do no damage.
The dart slug is heavily wounded.
You hit the dart slug.
The dart slug is heavily wounded.
The dart slug launches a dart at you. The slug dart hits you!
You die...

#.............
#.............
#.............
#.....#######.
#.....# #. #
#.....# #. #.####
#.....# #. #.!..#
#.....# ##
#@###.....######
#w##...)........
#b..w...........##
####............#.
#...........!#.
#............#.
####.####....#.
#.!. #####. ###.#
#.


You could see a dart slug and a bat.

Vanquished Creatures
  An ooze (D:1)
  A dart slug (D:1)
  A leopard gecko (D:1)
  A rat (D:1)
4 creatures vanquished.

Notes
Turn   | Place    | Note
-------+----------+-------------------------------------------
     0 | D:1      | KristoblXynda the Spriggan Enchanter began the quest for the Orb.
     0 | D:1      | Reached XP level 1. HP: 9/9 MP: 5/5
   104 | D:1      | Reached XP level 2. HP: 8/13 MP: 7/7
   378 | D:1      | Killed from afar by a dart slug

Vault maps used:
D:1:      dpeg_arrival_houses_and_road

Skill      XL: |  1 |
---------------+----+-----
Spellcasting   | 3 |  3.0
Short Blades   | |  1.1
Dodging        | |  3.0
Stealth        | |  4.8
Hexes          | |  3.9

Action                   || total
-------------------------++-------
Melee: Dagger            ||    42
  Use: Scroll            ||     4
 Stab: Sleeping          ||     2
Armor: Robe              ||    11
Dodge: Dodged            ||    40

Table legend:
 A = Spawn XP
 B = Non-spawn XP
 C = Spawn XP percentage of total XP
 D = Spawn monster count
 E = Non-spawn monster count
 F = Spawn count percentage of total count
 G = Total turns spent on level
                    A         B        C        D         E        F      G
               +---------+---------+-------+---------+---------+-------+---------
         Total |       0 |      15 |   0.0 |       0 |       4 |   0.0 |   378
               +---------+---------+-------+---------+---------+-------+---------
           D:1 |       0 |      15 |   0.0 |       0 |       4 |   0.0 |   378
               +---------+---------+-------+---------+---------+-------+---------
